Map: [ESL] Radhuset Station

Players

Dolan

  • Race: Terran Terran
  • League: Master
  • Spawn Location: 1:00

DnS - Winner!

  • Race: Protoss Protoss
  • Spawn Location: 7:00

VOD

Have the link to the VOD?

Description

DNS VS DOLAN IEM WINTER

Time

  • Played on: Dec. 1, 2023, 9:35 a.m.
  • Length: 8:15
Show
View Real Time Build Order
Export as new Build Order

Dolan Terran 

Build Orders: Mech 

Get SALT Encoding   

  12  0:00  SCV  
  13  0:12  SCV  
  14  0:17  Supply Depot  
  14  0:24  SCV  
  15  0:39  SCV  
  15  0:40  Barracks  
  16  0:44  Refinery  
  16  0:51  SCV  
  16  0:53  Refinery  
  17  1:03  SCV  
  18  1:15  SCV  
  19  1:31  Orbital Command, Reaper  
  20  1:33  Supply Depot  
  20  1:45  Factory  
  20  1:57  SCV  
  21  2:03  Barracks Reactor  
  21  2:09  SCV  
  22  2:21  SCV  
  23  2:25  Command Center  
  23  2:32  Hellion  
  23  2:34  SCV  
  26  2:41  Reaper x2  
  28  2:48  SCV, Supply Depot  
  29  2:54  Hellion  
  31  3:07  Starport  
  31  3:09  SCV  
  32  3:22  SCV  
  33  3:28  Barracks Tech Lab  
  33  3:30  Cyclone  
  33  3:31  Refinery  
  33  3:32  Cyclone  
  37  3:34  SCV  
  38  3:46  SCV  
  39  3:53  Raven  
  39  3:54  Orbital Command  
  41  4:00  SCV  
  42  4:06  Cyclone x2  
  42  4:09  Interference Matrix  
  46  4:14  Supply Depot  
  45  4:22  SCV x2  
  47  4:26  Refinery  
  47  4:34  Raven  
  49  4:44  Cyclone x2  
  53  4:46  SCV  
  53  4:47  SCV  
  53  4:51  Barracks Tech Lab  
  55  4:56  Supply Depot  
  55  4:59  SCV x2  
  57  5:15  Factory  
  57  5:16  Factory  
  57  5:21  Starport Reactor, Hellion x2  
  61  5:23  SCV  
  61  5:24  SCV  
  63  5:30  Supply Depot  
  63  5:37  SCV x2  
  65  5:48  Hellion x2  
  69  5:50  SCV  
  69  5:51  SCV  
  71  6:00  Siege Tank x2  
  77  6:07  Liberator  
  77  6:10  Supply Depot  
  78  6:14  Liberator  
  78  6:15  Widow Mine x2  
  78  6:16  Infernal Pre-Igniter  
  85  6:20  SCV  
  85  6:24  Supply Depot  
  86  6:32  Siege Tank x2, SCV  
  93  6:34  SCV  
  93  6:39  Supply Depot  
  94  6:46  Hellion x2  
  98  6:49  Engineering Bay  
  98  6:53  SCV x2  
  100  7:05  Siege Tank x2  
  105  7:22  Liberator  
  108  7:31  Widow Mine  
  110  7:42  Widow Mine  
  83  7:54  Hellion  
Show
View Real Time Build Order
Export as new Build Order

DnS Protoss - Winner!

Build Orders: 1 Gate Expand, Oracle Opening, Phoenix Opening, Zealot Archon 

Get SALT Encoding   

  12  0:00  Probe  
  13  0:12  Probe  
  14  0:19  Pylon  
  14  0:24  Probe  
  15  0:38  Probe (Chrono Boost)  
  15  0:39  Gateway  
  16  0:46  Probe (Chrono Boost)  
  16  0:49  Assimilator  
  17  0:52  Probe  
  19  1:04  Probe  
  19  1:16  Probe  
  20  1:27  Nexus  
  20  1:39  Cybernetics Core  
  20  1:40  Probe  
  21  1:48  Assimilator  
  21  1:52  Probe  
  22  1:56  Pylon  
  22  2:04  Probe  
  23  2:12  Adept (Chrono Boost)  
  24  2:16  Probe  
  24  2:21  Stargate  
  25  2:28  Probe, Warp Gate  
  26  2:33  Adept (Chrono Boost)  
  28  2:39  Probe  
  28  2:41  Probe  
  30  2:49  Shield Battery  
  30  2:52  Probe (Chrono Boost)  
  32  2:58  Adept  
  32  3:00  Probe (Chrono Boost)  
  32  3:02  Probe (Chrono Boost)  
  35  3:07  Probe (Chrono Boost)  
  35  3:10  Probe  
  35  3:12  Oracle (Chrono Boost)  
  37  3:18  Probe  
  41  3:22  Probe  
  41  3:25  Pylon  
  42  3:30  Probe  
  43  3:34  Probe  
  44  3:42  Phoenix  
  46  3:49  Probe x2  
  46  3:52  Robotics Facility  
  46  3:54  Assimilator  
  48  4:00  Gateway  
  48  4:01  Probe  
  48  4:02  Probe  
  50  4:04  Pylon  
  50  4:12  Phoenix  
  50  4:13  Probe  
  50  4:15  Probe  
  54  4:22  Assimilator  
  54  4:25  Probe  
  54  4:27  Probe  
  56  4:37  Probe  
  57  4:39  Probe  
  57  4:41  Observer  
  59  4:46  Twilight Council  
  59  4:47  Forge  
  59  4:49  Probe  
  59  4:51  Probe  
  59  4:52  Nexus  
  61  4:58  Pylon  
  61  5:01  Probe  
  62  5:07  Pylon  
  62  5:13  Protoss Ground Weapons Level 1 (Chrono Boost), Charge  
  62  5:16  Probe, Phoenix  
  62  5:17  Probe  
  62  5:19  Immortal (Chrono Boost)  
  70  5:30  Gateway  
  70  5:35  Gateway  
  70  5:42  Templar Archives  
  70  5:47  Gateway  
  70  5:48  Gateway  
  70  5:59  Gateway x2  
  70  6:02  Phoenix  
  72  6:07  Immortal (Chrono Boost)  
  76  6:12  Zealot  
  76  6:14  Zealot  
  80  6:20  Pylon  
  80  6:21  Pylon  
  80  6:23  Probe x2  
  82  6:25  Probe  
  82  6:29  Sentry  
  85  6:38  Immortal (Chrono Boost)  
  85  6:39  High Templar x2  
  89  6:42  Archon  
  89  6:44  Zealot x3  
  98  6:48  Pylon  
  98  6:50  Phoenix  
  100  6:56  Pylon  
  100  7:05  Zealot x4  
  100  7:06  Zealot  
  110  7:14  Phoenix (Chrono Boost)  
  112  7:22  Pylon  
  112  7:23  Pylon  
  112  7:24  High Templar x2  
  112  7:25  Zealot  
  112  7:29  Archon  
  118  7:33  Pylon  
  118  7:35  Zealot x3  
  90  7:56  Zealot x6  
  88  8:02  Zealot x2  
Tags
 
Add a new tag
Caveats
  • Supply blocks, unpowered buildings, or Contaminate may cause inaccurate times.
  • Supply counts are checked every 10 seconds.